 Dungeon Sprint DCSS version 0.23.1 (webtiles) character file.

Game seed: 10074818692497133124

2279 nuthulu the Grappler (level 9, -1/95 (98) HPs)
             Began as a Troll Berserker on Mar 7, 2019.
             Was a High Priest of Trog.
             Engulfed by a death drake's foul pestilence (4 damage)
             ... in the Dungeon (Sprint II: "The Violet Keep of Menkaure").
             The game lasted 00:03:12 (535 turns).

nuthulu the Grappler (Troll Berserker)               Turns: 535, Time: 00:03:13

HP:   -1/95 (98)    AC:  8    Str: 30    XL:     9   Next: 16%
MP:   8/8           EV: 13    Int:  3    God:    Trog [*****.]
Gold: 436           SH:  0    Dex:  9    Spells: 8/8 levels left

rFire    . . .     SeeInvis .     - Unarmed
rCold    . . .     Gourm    +   (no shield)
rNeg     + . .     Faith    .   k - +2 robe {rN+}
rPois    .         Spirit   .   (helmet restricted)
rElec    .         Reflect  .   (no cloak)
rCorr    .         Harm     .   (gloves unavailable)
MR       ++...     NoTele   +   (boots unavailable)
Stlth    +.........             (no amulet)
HPRegen  1.00/turn              (no ring)
MPRegen  0.11/turn              (no ring)

@: lethally poisoned (-1 -> -64), recuperating, badly diseased, hasted and
slowed
A: large, unfitting armour, claws 3, fast metabolism 3, gourmand, regeneration
1, shaggy fur 1, tough skin 3
a: Berserk, Trog's Hand, Brothers in Arms, Renounce Religion


You were in the Dungeon.
You worshipped Trog.
Trog was extremely pleased with you.
You were completely stuffed.

You visited 1 branch You collected 1134 gold pieces.
You spent 698 gold pieces at shops.

Inventory:

Armour
 a - a +0 animal skin
 k - a +2 robe of positive energy (worn)
Scrolls
 h - a scroll of blinking
Potions
 c - 4 potions of curing
 d - 2 potions of heal wounds
 e - 2 potions of haste
 f - 2 potions of magic
 g - a potion of berserk rage
 j - a potion of invisibility
Comestibles
 b - 2 rations
 i - 7 chunks of flesh


   Skills:
 + Level 9.3 Fighting
 + Level 9.3 Dodging
 * Level 14.5 Unarmed Combat


You had 8 spell levels left.
You didn't know any spells.
Your spell library was empty.

Dungeon Overview and Level Annotations

Branches:
Dungeon (1/1)

Altars:
Cheibriados
Dithmenos
Elyvilon
Fedhas
Gozag
Hepliaklqana
Kikubaaqudgha
Makhleb
Nemelex Xobeh
Okawaru
Qazlal
Ru
Sif Muna
Trog
Uskayaw
Vehumet
Wu Jian
Xom
Yredelemnul
Zin
The Shining One
Beogh
Jiyva
Lugonu

Shops:
D }=:([[:=[%!(!?[:

Annotations:
D exclusion: oklob plant


Innate Abilities, Weirdness & Mutations

You are too large for most types of armour.
You have claws for hands.
Your metabolism is lightning-fast.
You like to eat raw meat.
Your natural rate of healing is unusually fast.
You are covered in fur. (AC +1)
You have extremely tough skin. (AC +3)


Message History

You feel ill.
* * * LOW HITPOINT WARNING * * *
Unknown command.
You are engulfed in dark miasma.
You are more poisoned.
You feel your flesh rotting away!
You feel yourself slow down.
* * * LOW HITPOINT WARNING * * *
x2 You feel very sick.
There is a glowing golden altar of the Shining One here.
Unknown command.
Press < or > to pray at altars.
Unknown command.
Press < or > to pray at altars.
Unknown command.
Press < or > to pray at altars.
You claw the death drake!
The death drake is moderately wounded.
You are engulfed in dark miasma.
You are more poisoned.
You feel your flesh rotting away!
You die... #..# ...# ...#### .# ###..#####^.##.# )(? '###.##..#.()..#..# !?! .##...#..#.÷#..#..# $[$$

<.'.##+..####k^##.#▓?($%
.##...#....###.k°##▓▓▓▓▓
'###.##......°k8°°≈≈≈≈≈≈
#.####≈§...§§≈#k########
##.#≈≈≈≈§≈≈§.≈#°@._._..#
##§≈≈§≈§≈≈.≈#..°._._.#
#≈≈≈≈≈≈≈≈≈≈≈#._._._._#
≈≈≈≈≈≈≈≈§§≈§§#_._._._.#
+++#≈§≈≈§§≈§§#._._._..#
##≈≈≈###§≈#_._._...#
#≈≈#._._....#
#≈≈#_._.....#


You could see 2 death drakes, a crystal guardian and 2 swamp drakes.

Vanquished Creatures
  A yaktaur (D)
  3 polar bears (D)
  A hornet (D)
  2 hippogriffs (D)
  2 wyverns (D)
  Menkaure (D)
  4 necrophages (D)
  4 worker ants (D)
  3 worms (D)
21 creatures vanquished.

Vanquished Creatures (others)
  A crocodile (D)
1 creature vanquished.

Grand Total: 22 creatures vanquished

Notes
Turn   | Place    | Note
-------+----------+-------------------------------------------
     0 | D        | nuthulu the Troll Berserker began the quest for the Orb.
     0 | D        | Reached XP level 1. HP: 22/22 MP: 0/0
     1 | D        | Noticed a hippogriff
     1 | D        | Noticed a hippogriff
     9 | D        | Killed a hippogriff
     9 | D        | Reached skill level 5 in Fighting
     9 | D        | Reached skill level 5 in Dodging
     9 | D        | Reached skill level 8 in Unarmed Combat
     9 | D        | Reached XP level 2. HP: 27/35 MP: 1/1
     9 | D        | Reached XP level 3. HP: 33/42 MP: 2/2
     9 | D        | Reached XP level 4. HP: 40/50 MP: 3/3
     9 | D        | Reached XP level 5. HP: 45/57 MP: 4/4
    12 | D        | Killed a hippogriff
    12 | D        | Reached skill level 10 in Unarmed Combat
    12 | D        | Reached XP level 6. HP: 51/67 MP: 5/5
    68 | D        | Reached ** piety under Trog
    88 | D        | Reached *** piety under Trog
   102 | D        | Reached skill level 11 in Unarmed Combat
   102 | D        | Reached XP level 7. HP: 68/75 MP: 6/6
   109 | D        | Reached **** piety under Trog
   116 | D        | Reached skill level 12 in Unarmed Combat
   224 | D        | Found Totuyworgh's Book Shop.
   224 | D        | Found Opiq's Antique Armour Boutique.
   224 | D        | Found Oqur's Antique Weapon Shop.
   224 | D        | Found Sausiy's Distillery.
   224 | D        | Found Onimutet's Food Boutique.
   224 | D        | Found Pilu's Distillery.
   224 | D        | Found Naanto's Antique Armour Shop.
   225 | D        | Found Fanumom's Jewellery Shop.
   226 | D        | Found Nocakkas's Book Shop.
   226 | D        | Found Oqoizeqo's Antique Armour Boutique.
   228 | D        | Found Erevoe's Magic Scroll Boutique.
   229 | D        | Found Hacas's Antique Armour Shop.
   229 | D        | Found Quur's Antique Weapon Boutique.
   229 | D        | Noticed Menkaure
   229 | D        | Noticed an oklob plant
   230 | D        | Found Hownoatwo's Jewellery Shop.
   230 | D        | Found Xunwoff's Gadget Boutique.
   230 | D        | Found Fuiplutu's Book Shoppe.
   242 | D        | Killed Menkaure
   245 | D        | Noticed a polar bear
   247 | D        | Noticed a polar bear
   253 | D        | Bought a potion of heal wounds for 60 gold pieces
   253 | D        | Bought a potion of heal wounds for 60 gold pieces
   253 | D        | Bought a potion of invisibility for 96 gold pieces
   255 | D        | Noticed a hell hog
   259 | D        | Noticed a hell hog
   268 | D        | Bought a glowing robe for 114 gold pieces
   367 | D        | Bought a potion of curing for 36 gold pieces
   367 | D        | Bought a potion of curing for 36 gold pieces
   367 | D        | Bought a potion of curing for 36 gold pieces
   371 | D        | Bought a potion of curing for 30 gold pieces
   371 | D        | Bought a potion of curing for 30 gold pieces
   371 | D        | Bought 2 potions of haste for 200 gold pieces
   395 | D        | Found a glowing silver altar of Zin.
   396 | D        | Found a glowing golden altar of the Shining One.
   396 | D        | Found a hide-covered altar of Uskayaw.
   396 | D        | Found a basalt altar of Yredelemnul.
   397 | D        | Found a shimmering altar of Xom.
   397 | D        | Found a bloodstained altar of Trog.
   398 | D        | Found an ornate altar of the Wu Jian Council.
   398 | D        | Found a deep blue altar of Sif Muna.
   398 | D        | Found a corrupted altar of Lugonu.
   398 | D        | Found a radiant altar of Vehumet.
   398 | D        | Found a burning altar of Makhleb.
   399 | D        | Found a sacrificial altar of Ru.
   399 | D        | Found an ancient bone altar of Kikubaaqudgha.
   399 | D        | Found a white marble altar of Elyvilon.
   400 | D        | Found a stormy altar of Qazlal.
   400 | D        | Found a viscous altar of Jiyva.
   400 | D        | Found a shadowy altar of Dithmenos.
   401 | D        | Found a hazy altar of Hepliaklqana.
   401 | D        | Found a snail-covered altar of Cheibriados.
   403 | D        | Found a roughly hewn altar of Beogh.
   403 | D        | Found a sparkling altar of Nemelex Xobeh.
   403 | D        | Found a blossoming altar of Fedhas.
   403 | D        | Noticed a hornet
   403 | D        | Noticed a polar bear
   404 | D        | Found an opulent altar of Gozag.
   404 | D        | Found an iron altar of Okawaru.
   404 | D        | Noticed a yaktaur
   404 | D        | Noticed a polar bear
   406 | D        | Noticed a polar bear
   412 | D        | Killed a polar bear
   412 | D        | Reached ***** piety under Trog
   412 | D        | Reached XP level 8. HP: 50/88 MP: 7/7
   416 | D        | Killed a hornet
   416 | D        | Reached skill level 13 in Unarmed Combat
   419 | D        | Killed a yaktaur
   420 | D        | Killed a polar bear
   421 | D        | Killed a polar bear
   421 | D        | Reached skill level 14 in Unarmed Combat
   421 | D        | Reached XP level 9. HP: 93/98 MP: 8/8
   476 | D        | Received a gift from Trog
   518 | D        | Noticed a death drake
   518 | D        | Noticed a crystal guardian
   519 | D        | Noticed a death drake
   534 | D        | HP: 3/96 [poisoned by a death drake (dark miasma)]
   535 | D        | Engulfed by a death drake's foul pestilence

Skill      XL: |  1  2  3  4  5  6  7  8 |
---------------+-------------------------+-----
Fighting       | 5 6 8 9 |  9.3
Dodging        | 5 6 8 9 |  9.3
Unarmed Combat | 8 10 11 12 14 | 14.5

Action                   |  1- 3 |  4- 6 |  7- 9 || total
-------------------------+-------+-------+-------++-------
Melee: Unarmed           |     5 |    17 |    37 ||    59
       Punch             |       |     1 |     3 ||     4
Invok: Berserk           |     1 |       |     1 ||     2
       Trog's Hand       |       |       |     2 ||     2
       Brothers in Arms  |       |       |     1 ||     1
  Use: Potion            |       |       |     4 ||     4
  Eat: Chunk             |       |     7 |     6 ||    13
Armor: Animal skin       |     7 |     2 |     3 ||    12
       Robe              |       |       |     3 ||     3
Dodge: Dodged            |     1 |     7 |    20 ||    28
